General information
- name: BNet
- type: Ladder team game (AT/RT)
- host: Battle.net
- saver: Hoarder
map: GolemsInTheMist
- players: 8
- length: 80:55
- speed: Fast
- version: 1.26 W3XP
- replay type: Public
» download(499 KB)
Players
team 1 (winner)
SOUNG0000 (
teal | 109 APM | 2422 actions | 22:12)
4 Archmage
2 Summon Water Elemental
2 Brilliance Aura
2 Paladin
1 Holy Light
1 Divine Shield
» actions
| Assign group hotkey | 49 | |
| Basic commands | 270 | |
| Build / train | 97 | |
| ESC pressed | 6 | |
| Enter build submenu | 34 | |
| Enter hero's abilities submenu | 6 | |
| Right click | 541 | |
| Select / deselect | 416 | |
| Select group hotkey | 879 | |
| Use ability | 124 | |
2422 total
» units
| Peasant | 14 | |
| Footman | 3 | |
| Goblin Shredder | 1 | |
| Rifleman | 10 | |
| Priest | 6 | |
| Spell Breaker | 4 | |
| Mortar Team | 1 | |
| Knight | 5 | |
| Siege Engine | 9 | |
53 total
» upgrades
| Plating | 2 | |
| Masonry | 2 | |
| Gunpowder | 1 | |
| Long Rifles | 2 | |
| Barrage | 1 | |
| Priest Training | 2 | |
| Animal War Training | 2 | |
| Flare | 1 | |
13 total
» buildings
| Altar of Kings | 1 | |
| Farm | 14 | |
| Lumber Mill | 1 | |
| Barracks | 1 | |
| Town Hall | 3 | |
| Scout Tower | 8 | |
| Guard Tower | 5 | |
| Blacksmith | 1 | |
| Arcane Vault | 1 | |
| Keep | 1 | |
| Castle | 1 | |
| Workshop | 1 | |
| Arcane Sanctum | 1 | |
39 total
» build order
00:20 Altar of Kings
00:34 Farm
00:52 Lumber Mill
01:06 Barracks
01:12 Farm
01:50 Farm
03:28 Town Hall
03:38 Scout Tower
03:40 Scout Tower
03:46 Farm
03:48 Farm
03:54 Farm
04:08 Guard Tower
04:09 Guard Tower
04:12 Farm
04:33 Scout Tower
04:39 Scout Tower
05:03 Guard Tower
05:08 Blacksmith
05:44 Guard Tower
05:49 Arcane Vault
05:57 Farm
05:58 Farm
05:58 Farm
06:06 Keep
06:29 Scout Tower
07:18 Guard Tower
07:58 Scout Tower
08:22 Farm
08:39 Castle
09:03 Workshop
09:06 Arcane Sanctum
16:21 Farm
16:22 Farm
16:23 Farm
17:02 Town Hall
17:08 Town Hall
19:00 Scout Tower
19:01 Scout Tower
» items
| Scroll of Regeneration | 2 | |
| Lesser Clarity Potion | 2 | |
| Scroll of Town Portal | 3 | |
| Orb of Fire | 1 | |
8 total

»
Felix_Legions (
red | 58 APM | 2243 actions | 38:24)
3 Death Knight
1 Death Coil
2 Unholy Aura
3 Crypt Lord
1 Impale
2 Spiked Carapace
» actions
| Assign group hotkey | 13 | |
| Basic commands | 2 | |
| Build / train | 71 | |
| Enter build submenu | 21 | |
| Enter hero's abilities submenu | 6 | |
| Remove unit from queue | 2 | |
| Right click | 1199 | |
| Select / deselect | 461 | |
| Select group hotkey | 374 | |
| Use ability | 94 | |
2243 total
» units
| Acolyte | 15 | |
| Ghoul | 5 | |
| Crypt Fiend | 11 | |
| Goblin Zeppelin | 1 | |
| Obsidian Statue | 7 | |
| Necromancer | 4 | |
43 total
» upgrades
| Web | 1 | |
| Burrow | 1 | |
| Necromancer Training | 1 | |
| Skeletal Mastery | 1 | |
| Skeletal Longevity | 1 | |
| Destroyer Form | 1 | |
6 total
» buildings
| Altar of Darkness | 1 | |
| Crypt | 1 | |
| Tomb of Relics | 2 | |
| Ziggurat | 7 | |
| Graveyard | 1 | |
| Nerubian Tower | 1 | |
| Halls of the Dead | 1 | |
| Sacrificial Pit | 1 | |
| Slaughterhouse | 2 | |
| Spirit Tower | 5 | |
| Temple of the Damned | 1 | |
| Black Citadel | 1 | |
24 total
» build order
00:23 Altar of Darkness
00:28 Crypt
00:32 Tomb of Relics
00:50 Ziggurat
01:25 Graveyard
01:44 Nerubian Tower
02:09 Ziggurat
03:45 Halls of the Dead
04:48 Ziggurat
06:39 Sacrificial Pit
06:41 Ziggurat
07:14 Slaughterhouse
07:22 Spirit Tower
08:21 Spirit Tower
09:40 Spirit Tower
09:42 Tomb of Relics
13:37 Temple of the Damned
13:38 Ziggurat
13:41 Slaughterhouse
13:43 Ziggurat
15:47 Spirit Tower
15:51 Ziggurat
16:12 Black Citadel
20:31 Spirit Tower
» items
| Rod of Necromancy | 1 | |
| Scroll of Town Portal | 3 | |
4 total
Hoarder (
blue | 110 APM | 8865 actions | 80:55)
10 Blood Mage
3 Flame Strike
3 Siphon Mana
1 Summon Phoenix
3 Banish
» actions
| Assign group hotkey | 221 | |
| Basic commands | 263 | |
| Build / train | 402 | |
| ESC pressed | 16 | |
| Enter build submenu | 83 | |
| Enter hero's abilities submenu | 10 | |
| Give item / drop item | 8 | |
| Right click | 3518 | |
| Select / deselect | 813 | |
| Select group hotkey | 3021 | |
| Use ability | 510 | |
8865 total
» units
| Peasant | 21 | |
| Footman | 7 | |
| Goblin Shredder | 5 | |
| Sorceress | 2 | |
| Gryphon Rider | 12 | |
| Goblin Zeppelin | 8 | |
| Dragonhawk Rider | 18 | |
| Goblin Sapper | 6 | |
79 total
» upgrades
| Masonry | 3 | |
| Lumber Harvesting | 2 | |
| Swords | 3 | |
| Armor | 3 | |
| Sorceress Training | 2 | |
| Magic Sentry | 1 | |
| Animal War Training | 1 | |
| Storm Hammers | 1 | |
| Cloud | 1 | |
| Backpack | 1 | |
| Gunpowder | 3 | |
| Plating | 3 | |
24 total
» buildings
| Altar of Kings | 1 | |
| Barracks | 1 | |
| Farm | 18 | |
| Arcane Vault | 1 | |
| Lumber Mill | 1 | |
| Town Hall | 6 | |
| Keep | 3 | |
| Scout Tower | 76 | |
| Arcane Tower | 8 | |
| Blacksmith | 1 | |
| Castle | 4 | |
| Arcane Sanctum | 1 | |
| Gryphon Aviary | 5 | |
| Guard Tower | 188 | |
314 total
» build order
00:53 Altar of Kings
00:53 Barracks
00:57 Farm
01:05 Farm
01:39 Farm
02:03 Farm
02:06 Arcane Vault
02:09 Lumber Mill
02:56 Farm
04:27 Town Hall
05:36 Keep
05:37 Keep
06:37 Scout Tower
07:06 Arcane Tower
07:06 Arcane Tower
07:09 Farm
07:14 Farm
07:42 Scout Tower
07:44 Blacksmith
07:59 Castle
08:00 Castle
08:05 Arcane Sanctum
08:12 Gryphon Aviary
08:14 Gryphon Aviary
08:56 Scout Tower
08:57 Scout Tower
08:58 Scout Tower
08:59 Scout Tower
09:22 Guard Tower
09:22 Guard Tower
09:22 Guard Tower
09:30 Guard Tower
09:30 Guard Tower
09:31 Guard Tower
14:16 Town Hall
14:34 Scout Tower
14:34 Scout Tower
14:35 Scout Tower
14:37 Scout Tower
15:09 Guard Tower
15:10 Guard Tower
15:10 Guard Tower
15:24 Scout Tower
15:26 Scout Tower
15:27 Scout Tower
15:28 Scout Tower
15:31 Scout Tower
15:32 Scout Tower
15:33 Scout Tower
15:34 Scout Tower
15:36 Scout Tower
15:37 Scout Tower
15:52 Guard Tower
15:52 Guard Tower
15:52 Guard Tower
15:52 Guard Tower
15:53 Guard Tower
15:53 Guard Tower
15:54 Guard Tower
15:55 Guard Tower
15:55 Guard Tower
16:02 Guard Tower
16:06 Gryphon Aviary
16:08 Gryphon Aviary
16:09 Gryphon Aviary
16:15 Farm
16:17 Farm
16:18 Farm
16:22 Guard Tower
16:23 Guard Tower
16:23 Guard Tower
16:57 Guard Tower
16:57 Guard Tower
16:57 Guard Tower
16:58 Guard Tower
17:03 Scout Tower
17:29 Arcane Tower
17:29 Arcane Tower
17:29 Arcane Tower
20:12 Town Hall
20:13 Scout Tower
20:13 Scout Tower
20:14 Scout Tower
20:15 Scout Tower
20:42 Scout Tower
20:42 Scout Tower
20:44 Guard Tower
20:44 Guard Tower
20:44 Guard Tower
20:45 Guard Tower
20:45 Guard Tower
20:45 Guard Tower
20:49 Scout Tower
20:50 Scout Tower
20:57 Scout Tower
20:59 Scout Tower
21:01 Scout Tower
21:02 Scout Tower
21:03 Scout Tower
21:04 Scout Tower
21:05 Guard Tower
21:05 Guard Tower
21:06 Guard Tower
21:06 Guard Tower
21:12 Guard Tower
21:12 Guard Tower
21:22 Guard Tower
21:22 Guard Tower
21:22 Guard Tower
21:22 Guard Tower
21:27 Scout Tower
21:28 Guard Tower
21:28 Guard Tower
21:29 Guard Tower
21:32 Scout Tower
21:36 Scout Tower
21:38 Guard Tower
21:38 Guard Tower
21:38 Guard Tower
21:39 Guard Tower
22:00 Guard Tower
22:01 Guard Tower
22:03 Guard Tower
22:03 Guard Tower
22:04 Guard Tower
22:04 Guard Tower
22:04 Guard Tower
22:05 Guard Tower
22:30 Guard Tower
22:30 Guard Tower
22:30 Guard Tower
22:31 Guard Tower
22:41 Guard Tower
22:42 Guard Tower
22:42 Guard Tower
22:42 Guard Tower
22:48 Guard Tower
22:48 Guard Tower
24:22 Guard Tower
24:22 Guard Tower
24:22 Guard Tower
24:22 Guard Tower
28:33 Scout Tower
28:34 Scout Tower
28:35 Scout Tower
28:37 Scout Tower
28:38 Scout Tower
28:48 Town Hall
28:53 Scout Tower
28:55 Scout Tower
28:57 Scout Tower
28:58 Scout Tower
29:00 Scout Tower
29:02 Scout Tower
29:02 Scout Tower
29:04 Scout Tower
29:06 Scout Tower
29:07 Scout Tower
29:09 Guard Tower
29:09 Guard Tower
29:09 Guard Tower
29:10 Guard Tower
29:10 Guard Tower
29:10 Guard Tower
29:24 Scout Tower
29:34 Guard Tower
29:34 Guard Tower
29:34 Guard Tower
29:35 Guard Tower
29:49 Guard Tower
29:50 Guard Tower
30:48 Guard Tower
30:49 Guard Tower
30:49 Guard Tower
30:49 Guard Tower
30:51 Scout Tower
30:51 Scout Tower
39:31 Scout Tower
39:31 Scout Tower
39:32 Scout Tower
39:34 Town Hall
39:36 Scout Tower
39:37 Scout Tower
39:40 Town Hall
39:56 Scout Tower
40:01 Scout Tower
40:03 Scout Tower
40:04 Scout Tower
40:06 Scout Tower
40:08 Scout Tower
40:09 Scout Tower
40:10 Scout Tower
40:12 Scout Tower
40:14 Guard Tower
40:14 Guard Tower
40:25 Guard Tower
40:25 Guard Tower
40:45 Guard Tower
40:45 Guard Tower
40:45 Guard Tower
40:58 Guard Tower
41:02 Guard Tower
41:03 Guard Tower
41:21 Guard Tower
41:21 Guard Tower
41:21 Guard Tower
41:22 Guard Tower
41:25 Guard Tower
41:25 Guard Tower
41:25 Guard Tower
41:26 Guard Tower
42:13 Guard Tower
42:13 Guard Tower
42:14 Guard Tower
42:58 Scout Tower
42:59 Scout Tower
43:01 Scout Tower
43:02 Scout Tower
43:14 Scout Tower
43:15 Scout Tower
43:52 Guard Tower
43:52 Guard Tower
43:52 Guard Tower
43:53 Guard Tower
43:53 Guard Tower
43:53 Guard Tower
43:54 Guard Tower
43:54 Guard Tower
43:54 Guard Tower
44:57 Guard Tower
44:57 Guard Tower
44:57 Guard Tower
44:57 Guard Tower
44:58 Guard Tower
75:21 Farm
75:22 Farm
75:23 Farm
75:23 Farm
77:37 Farm
77:37 Farm
77:39 Farm
77:40 Farm
» items
| Scroll of Regeneration | 11 | |
| Lesser Clarity Potion | 5 | |
| Potion of Mana | 2 | |
| Orb of Fire | 2 | |
| Scroll of Town Portal | 12 | |
| Potion of Healing | 8 | |
| Staff of Sanctuary | 1 | |
| Orb of Lightning | 2 | |
43 total
TORCHLIGHT2VSD3 (
pink | 50 APM | 4022 actions | 80:55)
9 Shadow Hunter
3 Healing Wave
3 Hex
1 Big Bad Voodoo
2 Serpent Ward
» actions
| Assign group hotkey | 177 | |
| Basic commands | 27 | |
| Build / train | 47 | |
| Enter build submenu | 42 | |
| Enter hero's abilities submenu | 9 | |
| Right click | 1595 | |
| Select / deselect | 347 | |
| Select group hotkey | 1524 | |
| Use ability | 254 | |
4022 total
» units
| Peon | 12 | |
| Wind Rider | 3 | |
| Goblin Shredder | 1 | |
16 total
» upgrades
| Ranged Weapons | 3 | |
| Reinforced Defenses | 1 | |
| Envenomed Spears | 1 | |
| Witch Doctor Training | 2 | |
| Shaman Training | 2 | |
| Spiked Barricades | 1 | |
10 total
» buildings
| Altar of Storms | 2 | |
| Orc Burrow | 6 | |
| War Mill | 2 | |
| Watch Tower | 43 | |
| Stronghold | 2 | |
| Voodoo Lounge | 4 | |
| Fortress | 1 | |
| Beastiary | 2 | |
| Spirit Lodge | 1 | |
63 total
» build order
00:13 Altar of Storms
00:21 Orc Burrow
00:51 War Mill
01:34 Orc Burrow
02:05 Watch Tower
02:10 Watch Tower
02:40 Watch Tower
03:35 Stronghold
03:40 Watch Tower
03:48 Watch Tower
03:54 Voodoo Lounge
04:24 Watch Tower
05:12 Watch Tower
05:12 Watch Tower
05:13 Watch Tower
05:30 Voodoo Lounge
05:57 Watch Tower
05:57 Watch Tower
05:59 Watch Tower
07:05 Fortress
07:08 Orc Burrow
07:30 Watch Tower
07:31 Watch Tower
07:32 Watch Tower
08:14 Beastiary
08:51 Watch Tower
08:52 Watch Tower
08:53 Watch Tower
09:59 Beastiary
10:06 Watch Tower
10:09 Watch Tower
12:13 Orc Burrow
12:20 Watch Tower
12:21 Watch Tower
12:25 Watch Tower
13:04 Spirit Lodge
14:19 Watch Tower
14:19 Watch Tower
14:20 Watch Tower
14:54 Watch Tower
14:54 Watch Tower
15:16 Voodoo Lounge
15:32 Watch Tower
15:32 Watch Tower
15:33 Watch Tower
15:50 Watch Tower
16:18 War Mill
18:30 Orc Burrow
18:31 Orc Burrow
20:19 Watch Tower
20:19 Watch Tower
21:57 Watch Tower
21:57 Watch Tower
21:57 Watch Tower
22:01 Watch Tower
22:02 Watch Tower
23:23 Watch Tower
23:24 Watch Tower
23:24 Watch Tower
29:31 Voodoo Lounge
53:16 Altar of Storms
» items
| Lesser Clarity Potion | 1 | |
| Healing Salve | 1 | |
| Potion of Mana | 1 | |
| Scroll of Town Portal | 3 | |
6 total
team 2 (loser)
Jadizzle07 (
purple | 51 APM | 3618 actions | 70:44)
7 Death Knight
3 Death Coil
3 Unholy Aura
1 Animate Dead
6 Lich
3 Frost Nova
2 Frost Armor
1 Death and Decay
» actions
| Assign group hotkey | 7 | |
| Basic commands | 29 | |
| Build / train | 128 | |
| ESC pressed | 2 | |
| Enter build submenu | 31 | |
| Enter hero's abilities submenu | 13 | |
| Give item / drop item | 7 | |
| Remove unit from queue | 3 | |
| Right click | 2537 | |
| Select / deselect | 663 | |
| Select group hotkey | 18 | |
| Use ability | 180 | |
3618 total
» units
| Acolyte | 27 | |
| Ghoul | 3 | |
| Crypt Fiend | 11 | |
| Obsidian Statue | 2 | |
| Goblin Zeppelin | 2 | |
| Frost Wyrm | 6 | |
| Gargoyle | 8 | |
| Meatwagon | 6 | |
65 total
» upgrades
| Web | 1 | |
| Destroyer Form | 1 | |
| Creature Attack | 3 | |
| Creature Carapace | 2 | |
| Unholy Strength | 1 | |
| Freezing Breath | 1 | |
9 total
» buildings
| Graveyard | 1 | |
| Crypt | 1 | |
| Altar of Darkness | 1 | |
| Ziggurat | 15 | |
| Tomb of Relics | 2 | |
| Nerubian Tower | 3 | |
| Halls of the Dead | 2 | |
| Slaughterhouse | 1 | |
| Black Citadel | 3 | |
| Sacrificial Pit | 1 | |
| Boneyard | 1 | |
| Spirit Tower | 3 | |
| Necropolis | 2 | |
36 total
» build order
00:34 Graveyard
00:38 Crypt
00:44 Altar of Darkness
01:03 Ziggurat
01:12 Tomb of Relics
01:59 Ziggurat
02:00 Nerubian Tower
04:06 Halls of the Dead
04:33 Ziggurat
05:44 Ziggurat
07:09 Slaughterhouse
08:03 Black Citadel
08:04 Black Citadel
09:46 Sacrificial Pit
10:14 Ziggurat
10:41 Boneyard
15:26 Spirit Tower
15:27 Spirit Tower
20:27 Ziggurat
22:35 Necropolis
29:16 Ziggurat
29:17 Ziggurat
29:19 Ziggurat
39:23 Necropolis
39:37 Ziggurat
39:37 Ziggurat
39:41 Ziggurat
41:57 Ziggurat
41:58 Ziggurat
42:01 Ziggurat
42:59 Nerubian Tower
45:16 Spirit Tower
47:27 Tomb of Relics
» items
| Rod of Necromancy | 4 | |
| Scroll of Town Portal | 11 | |
| Potion of Mana | 1 | |
| Orb of Corruption | 3 | |
| Scroll of Healing | 1 | |
| Lesser Clarity Potion | 1 | |
21 total
Vous.TorcheLive (
yellow | 93 APM | 7206 actions | 77:47)
7 Blademaster
3 Wind Walk
3 Critical Strike
1 Bladestorm
5 Shadow Hunter
2 Hex
3 Healing Wave
» actions
| Assign group hotkey | 56 | |
| Basic commands | 31 | |
| Build / train | 114 | |
| Enter build submenu | 18 | |
| Enter hero's abilities submenu | 12 | |
| Give item / drop item | 2 | |
| Right click | 3510 | |
| Select / deselect | 1162 | |
| Select group hotkey | 1977 | |
| Use ability | 324 | |
7206 total
» units
| Peon | 8 | |
| Grunt | 6 | |
| Raider | 5 | |
| Spirit Walker | 4 | |
| Demolisher | 2 | |
| Tauren | 3 | |
| Troll Witch Doctor | 1 | |
| Troll Batrider | 4 | |
33 total
» upgrades
| Melee Weapons | 2 | |
| Berserker Strength | 1 | |
| Ensnare | 1 | |
| Spirit Walker Training | 1 | |
| Pillage | 1 | |
| Pulverize | 1 | |
| Reinforced Defenses | 1 | |
| Witch Doctor Training | 2 | |
10 total
» buildings
| Altar of Storms | 1 | |
| Orc Burrow | 5 | |
| Voodoo Lounge | 1 | |
| Barracks | 1 | |
| War Mill | 2 | |
| Stronghold | 3 | |
| Beastiary | 1 | |
| Spirit Lodge | 1 | |
| Fortress | 3 | |
| Tauren Totem | 1 | |
19 total
» build order
00:12 Altar of Storms
00:20 Orc Burrow
00:36 Voodoo Lounge
01:46 Barracks
02:10 Orc Burrow
03:22 War Mill
04:12 Stronghold
04:12 Stronghold
05:06 Orc Burrow
06:38 Beastiary
06:41 Spirit Lodge
06:42 Fortress
06:42 Fortress
07:10 Orc Burrow
09:08 Tauren Totem
13:08 Orc Burrow
17:30 War Mill
» items
| Healing Salve | 5 | |
| Lesser Clarity Potion | 4 | |
| Scroll of Speed | 3 | |
| Scroll of Town Portal | 1 | |
| Orb of Lightning | 1 | |
14 total

»
toncolon (
green | 31 APM | 2486 actions | 80:55)
6 Archmage
2 Blizzard
3 Summon Water Elemental
1 Mass Teleport
» actions
| Assign group hotkey | 48 | |
| Basic commands | 4 | |
| Build / train | 88 | |
| ESC pressed | 16 | |
| Enter build submenu | 28 | |
| Enter hero's abilities submenu | 6 | |
| Remove unit from queue | 4 | |
| Right click | 898 | |
| Select / deselect | 562 | |
| Select group hotkey | 711 | |
| Use ability | 120 | |
2486 total
» units
| Peasant | 23 | |
| Footman | 7 | |
| Priest | 11 | |
| Sorceress | 3 | |
| Gryphon Rider | 5 | |
| Spell Breaker | 2 | |
51 total
» upgrades
| Lumber Harvesting | 2 | |
| Priest Training | 2 | |
| Swords | 2 | |
| Armor | 1 | |
| Sorceress Training | 1 | |
| Storm Hammers | 1 | |
| Masonry | 3 | |
12 total
» buildings
| Barracks | 1 | |
| Altar of Kings | 1 | |
| Farm | 9 | |
| Scout Tower | 28 | |
| Lumber Mill | 2 | |
| Arcane Tower | 1 | |
| Arcane Vault | 1 | |
| Keep | 1 | |
| Arcane Sanctum | 2 | |
| Gryphon Aviary | 1 | |
| Castle | 1 | |
| Blacksmith | 1 | |
| Guard Tower | 11 | |
| Town Hall | 1 | |
61 total
» build order
00:12 Barracks
00:19 Altar of Kings
00:41 Farm
00:57 Farm
01:45 Scout Tower
01:55 Farm
02:21 Lumber Mill
02:38 Arcane Tower
03:02 Arcane Vault
04:37 Keep
05:51 Farm
05:52 Farm
07:06 Arcane Sanctum
07:08 Arcane Sanctum
07:17 Gryphon Aviary
08:42 Castle
09:59 Blacksmith
13:04 Scout Tower
13:08 Scout Tower
14:17 Guard Tower
14:24 Farm
14:25 Farm
16:17 Scout Tower
16:22 Scout Tower
17:40 Guard Tower
18:47 Scout Tower
18:49 Scout Tower
19:24 Scout Tower
19:25 Scout Tower
19:53 Farm
19:56 Farm
20:22 Scout Tower
20:24 Scout Tower
20:26 Scout Tower
20:33 Scout Tower
20:36 Scout Tower
20:42 Guard Tower
21:37 Guard Tower
21:54 Guard Tower
22:43 Town Hall
24:16 Scout Tower
24:18 Scout Tower
25:55 Scout Tower
25:57 Scout Tower
25:58 Scout Tower
25:59 Scout Tower
26:01 Scout Tower
26:48 Scout Tower
26:49 Scout Tower
26:50 Scout Tower
26:53 Scout Tower
26:55 Guard Tower
28:26 Lumber Mill
28:32 Guard Tower
28:39 Scout Tower
30:59 Guard Tower
32:02 Scout Tower
32:06 Scout Tower
34:03 Guard Tower
» items
| Potion of Healing | 1 | |
| Scroll of Regeneration | 1 | |
2 total
VroomBuddy (
orange | 42 APM | 3387 actions | 80:55)
10 Archmage
3 Summon Water Elemental
3 Brilliance Aura
1 Mass Teleport
3 Blizzard
» actions
| Assign group hotkey | 49 | |
| Basic commands | 297 | |
| Build / train | 112 | |
| Enter build submenu | 60 | |
| Enter hero's abilities submenu | 10 | |
| Give item / drop item | 7 | |
| Remove unit from queue | 2 | |
| Right click | 1541 | |
| Select / deselect | 542 | |
| Select group hotkey | 566 | |
| Use ability | 201 | |
3387 total
» units
| Peasant | 17 | |
| Footman | 7 | |
| Goblin Shredder | 1 | |
| Gryphon Rider | 14 | |
| Goblin Zeppelin | 1 | |
| Dragonhawk Rider | 19 | |
59 total
» upgrades
| Masonry | 3 | |
| Storm Hammers | 1 | |
| Swords | 3 | |
| Armor | 3 | |
| Animal War Training | 1 | |
| Cloud | 1 | |
12 total
» buildings
| Altar of Kings | 1 | |
| Barracks | 1 | |
| Farm | 9 | |
| Keep | 1 | |
| Lumber Mill | 1 | |
| Arcane Vault | 2 | |
| Castle | 1 | |
| Town Hall | 4 | |
| Scout Tower | 51 | |
| Gryphon Aviary | 5 | |
| Guard Tower | 10 | |
| Blacksmith | 2 | |
88 total
» build order
00:37 Altar of Kings
00:39 Barracks
00:50 Farm
00:51 Farm
01:04 Farm
01:40 Farm
03:55 Keep
04:08 Farm
04:14 Lumber Mill
04:28 Arcane Vault
06:32 Castle
07:01 Town Hall
07:03 Scout Tower
07:04 Scout Tower
07:04 Scout Tower
07:07 Scout Tower
08:32 Gryphon Aviary
08:32 Gryphon Aviary
08:33 Gryphon Aviary
08:37 Gryphon Aviary
08:39 Gryphon Aviary
09:37 Guard Tower
09:53 Blacksmith
09:57 Blacksmith
10:52 Scout Tower
10:53 Scout Tower
10:54 Scout Tower
10:54 Scout Tower
12:18 Town Hall
13:04 Arcane Vault
13:07 Scout Tower
13:07 Scout Tower
13:11 Scout Tower
13:13 Scout Tower
13:16 Scout Tower
13:17 Scout Tower
13:22 Scout Tower
13:22 Scout Tower
13:23 Scout Tower
13:24 Scout Tower
13:26 Scout Tower
13:28 Scout Tower
13:43 Guard Tower
14:18 Guard Tower
15:53 Guard Tower
19:10 Scout Tower
19:11 Scout Tower
19:12 Scout Tower
19:12 Scout Tower
19:15 Scout Tower
19:15 Scout Tower
19:16 Scout Tower
19:16 Scout Tower
19:17 Scout Tower
19:18 Scout Tower
19:19 Scout Tower
19:19 Scout Tower
21:03 Guard Tower
21:04 Scout Tower
21:05 Scout Tower
21:05 Scout Tower
21:05 Scout Tower
21:06 Scout Tower
21:06 Scout Tower
21:09 Scout Tower
21:10 Scout Tower
21:10 Scout Tower
21:10 Scout Tower
21:11 Scout Tower
22:04 Guard Tower
22:27 Guard Tower
23:22 Guard Tower
25:23 Town Hall
25:51 Scout Tower
25:52 Scout Tower
25:52 Scout Tower
25:52 Scout Tower
25:54 Scout Tower
25:54 Scout Tower
25:54 Scout Tower
25:57 Scout Tower
26:22 Guard Tower
28:05 Guard Tower
38:02 Farm
59:41 Town Hall
61:20 Farm
71:43 Farm
71:57 Farm
» items
| Scroll of Regeneration | 9 | |
| Potion of Healing | 3 | |
| Scroll of Town Portal | 1 | |
| Orb of Corruption | 1 | |
| Healing Salve | 2 | |
16 total
Chat log
(00:41 / All) TORCHLIGHT2VSD3: ANY TRY HARD UDS IN THIS GAME NAMED JADIZZLE
(00:55 / All) Jadizzle07: lol
(00:58 / All) Jadizzle07: who is?
(01:00 / All) Jadizzle07: he
(01:07 / All) TORCHLIGHT2VSD3: a closet hacker
(01:13 / All) Jadizzle07: LMAO
(01:16 / All) Jadizzle07: find a replay
(01:21 / All) Jadizzle07: i never have hacked
(01:25 / All) Jadizzle07: dont need to im legit
(01:26 / All) TORCHLIGHT2VSD3: kodos said u hack so u hack im sure
(01:31 / All) Jadizzle07: LOL
(01:38 / All) Jadizzle07: KODO is mad im legit
(01:40 / All) Jadizzle07: fuuck him
(01:45 / All) TORCHLIGHT2VSD3: oh i see
(02:00 / Allies) TORCHLIGHT2VSD3: rod serling?
(02:16 / All) TORCHLIGHT2VSD3: why go dk worms every game
(02:19 / All) TORCHLIGHT2VSD3: why not add variety
(02:21 / All) Jadizzle07: KODO stabs me every time i play against him
(02:24 / All) VroomBuddy: JUST WANNA FEEL PURPLE YELLOW RED AND BLUE
(02:47 / All) TORCHLIGHT2VSD3: why does he tk i only seen the replays
(03:43 / Allies) TORCHLIGHT2VSD3: from teal?
(04:37 / Allies) TORCHLIGHT2VSD3: aye
(05:44 / Allies) TORCHLIGHT2VSD3: wood plz
(06:48 / All) Jadizzle07: LOL
(06:49 / All) Jadizzle07: TRAP
(07:00 / Allies) Felix_Legions: careful teal
(07:17 / Allies) TORCHLIGHT2VSD3: gold plz
(08:11 / Allies) Felix_Legions: no fucking shit
(08:21 / All) TORCHLIGHT2VSD3: REINFORCEMENTS
(08:59 / All) TORCHLIGHT2VSD3: that micro jadizzle
(09:03 / Allies) Felix_Legions: gold?
(09:08 / Allies) TORCHLIGHT2VSD3: gold teal
(09:12 / All) Jadizzle07: my comp glitched
(09:19 / All) TORCHLIGHT2VSD3: yet ur still here
(09:20 / All) Jadizzle07: lagged and paused
(09:20 / All) Hoarder: I heard that one before
(09:26 / Allies) Felix_Legions: fuck you yall
(09:34 / Allies) Felix_Legions: turtling and sitting in base
(10:34 / All) VroomBuddy: teal mh?
(13:13 / Allies) TORCHLIGHT2VSD3: wood teal
(13:56 / Allies) TORCHLIGHT2VSD3: wood red?
(14:07 / Allies) Felix_Legions: suck my dick
(15:36 / Allies) Felix_Legions: nj
(16:21 / Allies) Felix_Legions: lol
(16:25 / Allies) Felix_Legions: yeah
(16:26 / Allies) TORCHLIGHT2VSD3: pro right dere
(16:36 / Allies) Felix_Legions: yep
(16:39 / Allies) Felix_Legions: glad wer all sitting
(16:45 / All) Hoarder: Nice mine purple
(17:08 / All) TORCHLIGHT2VSD3: nigger
(18:55 / All) TORCHLIGHT2VSD3: y'all skating on thin ice
(19:01 / All) TORCHLIGHT2VSD3: as momma used to say
(19:56 / Allies) Felix_Legions: seriously wt
(20:05 / Allies) TORCHLIGHT2VSD3: what
(20:16 / Allies) Felix_Legions: go fucking hit
(20:20 / Allies) Felix_Legions: you suck cock
(20:31 / Allies) TORCHLIGHT2VSD3: yes i do
(20:33 / Allies) Hoarder: I did more than you all game killing purple
(20:39 / All) TORCHLIGHT2VSD3: rag
(20:55 / Allies) Felix_Legions: you towerd to shit
(20:59 / Allies) Felix_Legions: so they go else where
(21:08 / Allies) Felix_Legions: its 4v4 and you throw team under bus
(21:12 / Allies) Felix_Legions: dumb fuck
(21:16 / Allies) Hoarder: I don't need you anyway
(21:18 / Allies) Felix_Legions: now we lose teal
(21:19 / Allies) Hoarder: so why wouldn't I
(22:43 / All) TORCHLIGHT2VSD3: u are a noob jadizzle
(22:54 / All) Hoarder: He lost all his shit in his base to 1 hero
(23:04 / All) TORCHLIGHT2VSD3: i was wondering where his army was
(23:07 / All) TORCHLIGHT2VSD3: lolz
(23:36 / All) Jadizzle07: hi MH blue
(23:41 / All) Hoarder: Hi
(24:38 / All) Hoarder: 40/30 Good luck making an acolyte
(24:47 / All) Hoarder: I'm clicking on all your shit
(25:37 / Allies) TORCHLIGHT2VSD3: GOGO
(25:39 / Allies) TORCHLIGHT2VSD3: COMING
(26:05 / All) TORCHLIGHT2VSD3: where ur sh bro
(26:19 / All) Vous.TorcheLive: yo
(27:07 / All) Hoarder: You aren't getting 2k purple
(27:20 / All) Hoarder: I have chathack
(29:54 / All) TORCHLIGHT2VSD3: smart red very smart
(30:00 / Allies) Felix_Legions: no shit
(30:12 / Allies) Felix_Legions: as i said, fuck you two
(30:14 / Allies) TORCHLIGHT2VSD3: attack
(30:15 / Allies) TORCHLIGHT2VSD3: bro
(30:19 / Allies) Felix_Legions: go for it faggot
(30:27 / Allies) TORCHLIGHT2VSD3: lets go
(30:28 / Allies) TORCHLIGHT2VSD3: u tank
(30:30 / Allies) Felix_Legions: k
(30:31 / Allies) Felix_Legions: gi
(30:32 / Allies) Felix_Legions: go
(30:45 / Allies) Hoarder: wait for me
(30:57 / Allies) Hoarder: ggogo
(31:10 / All) TORCHLIGHT2VSD3: for rome
(31:10 / Allies) Felix_Legions: why are we atking that
(31:23 / Allies) Hoarder: it's the heart of green's kingdom and has the castle
(31:33 / Allies) Felix_Legions: god youre dumb
(32:19 / All) TORCHLIGHT2VSD3: fall bakc
(32:25 / All) VroomBuddy: FALL BACK TO THE RIVER
(32:30 / Allies) Felix_Legions: yep im still base sitting
(35:14 / Allies) Felix_Legions: lol
(35:20 / Allies) Felix_Legions: your wyv have 0 armor
(36:41 / Allies) Hoarder: Hey red you dumbass attack them
(36:57 / Allies) Felix_Legions: you have units
(38:14 / Allies) Felix_Legions: and pink sits
(38:20 / All) Felix_Legions: such a fucking waste of time
(38:41 / All) TORCHLIGHT2VSD3: u bad jadizzle
(38:48 / All) TORCHLIGHT2VSD3: u bad cuz u mad
(38:49 / All) Jadizzle07: i have no gold
(38:49 / All) Vous.TorcheLive: u guys
(38:52 / All) Vous.TorcheLive: MUST
(38:52 / All) Jadizzle07: orange took all mines
(41:20 / All) TORCHLIGHT2VSD3: rapeee
(41:27 / All) Hoarder: D@U*RQ@R U*(!Q@ U*(!@U* !@U*(!@RU() Q@RJQ@R
(41:29 / All) Hoarder: MISCLICK
(41:30 / All) Hoarder: FUCK
(43:09 / All) TORCHLIGHT2VSD3: god voo doo
(43:12 / All) TORCHLIGHT2VSD3: u are through jadizzle
(43:16 / All) Jadizzle07: ORANGE HAS 27K
(43:19 / All) Jadizzle07: LMAO
(43:22 / All) TORCHLIGHT2VSD3: blue has 25k LMAO
(43:39 / All) TORCHLIGHT2VSD3: fucking blue
(44:52 / All) Hoarder: it's stupid as shit that orb of lightning stops staff
(45:35 / All) TORCHLIGHT2VSD3: i dont believe this shit guys
(45:37 / All) TORCHLIGHT2VSD3: blue is not
(45:45 / All) TORCHLIGHT2VSD3: im just not getting help here
(45:47 / All) TORCHLIGHT2VSD3: i mean
(45:51 / All) TORCHLIGHT2VSD3: i been out of gold for 30 min
(46:00 / All) TORCHLIGHT2VSD3: DOUCHEBAG
(47:48 / All) TORCHLIGHT2VSD3: from yellow?
(48:00 / All) Vous.TorcheLive: ?7
(48:04 / All) TORCHLIGHT2VSD3: from?
(48:08 / All) Vous.TorcheLive: mtl
(48:13 / All) TORCHLIGHT2VSD3: montreal?
(48:16 / All) Vous.TorcheLive: yup
(48:26 / All) TORCHLIGHT2VSD3: im from ontario. im french canadian
(48:36 / All) VroomBuddy: Pleasure to meet you, you're the first homosexual french man I've met on BNET
(49:58 / All) Hoarder: There's nothing even at that expo
(50:04 / All) Hoarder: spoiler alert purple
(50:07 / All) Vous.TorcheLive: its not complicate
(50:10 / All) Hoarder: It isn't mining
(53:50 / All) VroomBuddy: gotta take out the trash brb people
(54:04 / All) Hoarder: What a coincidence I'm constantly taking out trash in this game
(54:37 / All) TORCHLIGHT2VSD3: fucking blue
(54:41 / All) TORCHLIGHT2VSD3: i just want like 500 g
(54:43 / All) TORCHLIGHT2VSD3: to rebuild
(55:35 / All) Hoarder: I don't want to go over 50 food but it looks like I must
(55:41 / All) Hoarder: Not mining anymore anyway
(57:11 / All) VroomBuddy: I only defend my base
(57:18 / All) VroomBuddy: You attack me I'll be forced to attack back
(57:20 / All) TORCHLIGHT2VSD3: i alwways ge thte noob teams
(57:23 / All) VroomBuddy: Right now I just want to live in peace
(57:26 / All) TORCHLIGHT2VSD3: but i cannot believe i might fucking win this
(57:32 / All) VroomBuddy: Truce blue?
(57:37 / All) Hoarder: Truce
(57:41 / All) Hoarder: Our two kingdoms can leave in peace
(57:46 / All) Hoarder: There is no need for a meaningless quarrel
(57:49 / All) VroomBuddy: Okay cool
(58:05 / All) toncolon: lol fucking virgins
(58:09 / All) TORCHLIGHT2VSD3: what
(58:11 / All) Hoarder: Green and purple, however, I am not sure if they are fit to be our vassals. Shall they be citizens they seem like the kind to
(58:12 / All) TORCHLIGHT2VSD3: i had sex before
(58:13 / All) Hoarder: cause dissent
(58:16 / All) Hoarder: Perhaps we shall slay them
(58:17 / All) TORCHLIGHT2VSD3: miranda from mass effect
(58:42 / All) Jadizzle07: u only wanna kill me cuz im your threat
(58:49 / All) Hoarder: lawl
(58:58 / All) Hoarder: If I ever went over 50 food I wouldn't have even had trouble
(59:06 / All) Hoarder: but 2 control groups is a lot of effort and I like shiny things
(59:47 / All) TORCHLIGHT2VSD3: where army jo
(59:49 / All) TORCHLIGHT2VSD3: oj?
(59:50 / All) TORCHLIGHT2VSD3: purp?
(59:52 / All) TORCHLIGHT2VSD3: yellow?
(60:08 / All) Jadizzle07: lol
(60:10 / All) Hoarder: Welcome to food block hell
(60:11 / All) VroomBuddy: Maybe I decommissoned it because I live in peace now
(60:14 / All) Jadizzle07: when one player mines all the gold
(60:15 / All) TORCHLIGHT2VSD3: WTF WE WO N THIS?
(60:34 / All) Hoarder: I have maphack you tard
(60:37 / All) VroomBuddy: It's a draw I think, me and blue truce
(60:40 / All) Hoarder: 4 bats isn't going to do well especially when you ping them
(60:42 / All) TORCHLIGHT2VSD3: wtf
(60:45 / All) TORCHLIGHT2VSD3: u cant have tie in wc
(60:53 / All) VroomBuddy: best internet wins
(60:54 / All) Hoarder: There's a first time for everything
(60:54 / All) VroomBuddy: we truce
(62:03 / All) Hoarder: Get back here purple
(62:05 / All) Hoarder: you limpwristed faggot
(62:18 / All) Jadizzle07: 1v1?
(62:20 / All) Hoarder: Sure
(62:26 / All) Hoarder: You'll dodge and be EZ if you don't
(62:33 / All) Hoarder: I never say EZ I feel dirty
(62:46 / All) Jadizzle07: lmao
(62:54 / All) Jadizzle07: too bad your just a lonely nerd
(62:57 / All) toncolon: :X
(63:06 / All) VroomBuddy: Andromath is a noble lord, I will reward my vassals each 100 golden coins
(63:10 / All) Jadizzle07: im getting my dick sucked smoking a bong what u doing faggot
(63:12 / All) Hoarder: Yeah and I'm sure you are a millionaire with a hot girlfriend and a yacht
(63:22 / All) TORCHLIGHT2VSD3: lol
(63:27 / All) Hoarder: It doesn't count if you are sucked off by a 300 lbs male
(63:38 / All) Jadizzle07: lol
(63:41 / All) Hoarder: That's called zoophilia because they'd be a sea mammal
(63:49 / All) Jadizzle07: well yourside job doesnt intervien with my life
(63:51 / All) Jadizzle07: lmao
(63:59 / All) Jadizzle07: keep your workplace to yourself
(64:01 / All) TORCHLIGHT2VSD3: ar eu black purple
(64:04 / All) Hoarder: Are you an unemployed stoner?
(64:13 / All) Jadizzle07: wrong
(64:22 / All) Jadizzle07: drug dealing and stoner 2 things
(64:33 / All) Hoarder: Either way you're a druggie
(64:41 / All) Jadizzle07: and?
(64:47 / All) Hoarder: You're scum
(64:48 / All) Jadizzle07: im not here for chatcraft get a life
(64:54 / All) Hoarder: Well you seem to be staying for it
(65:07 / All) Jadizzle07: might as well
(65:14 / All) Jadizzle07: been here for an hr lmao
(65:34 / All) Hoarder: How much did you pay for the sucking you're getting?
(65:38 / All) Hoarder: Did you alt tab and order her?
(65:38 / All) TORCHLIGHT2VSD3: why arent u black
(66:04 / All) Hoarder: There's nothing even at that base bong brother.
(66:12 / All) VroomBuddy: Purple is not allowed to speak, he has been bringing shame to my banner
(66:20 / All) VroomBuddy: as a vassal he represents my kingdom
(66:38 / All) Hoarder: autocast web lol
(66:55 / All) TORCHLIGHT2VSD3: jadizzle are u mad that u will never be as good as darknesscalls
(67:03 / All) Jadizzle07: lol
(67:07 / All) Hoarder: He will never even be as good as us
(67:09 / All) Jadizzle07: ur aka
(67:09 / All) Hoarder: 840-831
(67:11 / All) Jadizzle07: i assume
(67:13 / All) VroomBuddy: QUIET I ORDER YOU TO BE QUIET
(67:26 / All) Hoarder: Our team is the most unstoppable in WC3 4v4 RT
(67:33 / All) Jadizzle07: i had 2 mass losses for games
(67:42 / All) TORCHLIGHT2VSD3: wat
(67:43 / All) Jadizzle07: took 3 month break
(67:46 / All) Hoarder: I just point out people's records instinctively
(67:55 / All) TORCHLIGHT2VSD3: u took a 3 month break from a 10 year run
(68:12 / All) VroomBuddy: NO ALL CHAT
(68:19 / All) VroomBuddy: If you offend again you will lose your kingdom and your life!
(68:42 / All) TORCHLIGHT2VSD3: rape
(68:44 / All) VroomBuddy: Good riddance to bad rubbish
(68:47 / All) Jadizzle07: your welcome
(68:52 / All) Hoarder: I finally finished taking out the trash
(68:53 / All) Jadizzle07: orange TK me
(68:59 / All) Hoarder: Of course he did
(69:00 / All) Jadizzle07: lmao
(69:01 / All) TORCHLIGHT2VSD3: stfu mang
(69:04 / All) TORCHLIGHT2VSD3: blue got 30k gold
(69:06 / All) TORCHLIGHT2VSD3: u tk too
(69:07 / All) Jadizzle07: fucking loser
(69:20 / All) Jadizzle07: orange/blue EGO players of wc3
(69:21 / All) Hoarder: Do you have a big social circle and go to parties?
(69:23 / All) TORCHLIGHT2VSD3: u bring shame to the legendary 4s ud players drayen and darkness
(69:33 / All) Jadizzle07: lmao by fucking no lives
(69:38 / All) VroomBuddy: Jadizzle I order you to leave and never again play on my battle nets
(69:43 / All) Jadizzle07: fuck allyou
(69:45 / All) Hoarder: How big is your yacht?
(69:47 / All) VroomBuddy: as your liege, you are banished from these lands
(69:49 / All) Jadizzle07: and fuck ur gold hording ass orange
(69:50 / All) Hoarder: do you have a private jet
(69:59 / All) Hoarder: We can't help it it's our problem
(70:04 / All) VroomBuddy: That's no way to speak to your liege
(70:06 / All) Hoarder: We need to go on that hoarders reality TV show
(70:08 / All) TORCHLIGHT2VSD3: FUCKING BLUE HAS 30K
(70:13 / All) TORCHLIGHT2VSD3: NOT ONE BIT LENT
(70:18 / All) Jadizzle07: ORANGE HAS 33K
(70:35 / All) Jadizzle07: bye fucking losers
(70:38 / All) Hoarder: cyu
(70:40 / All) Jadizzle07: i stab ever game if i see you
(70:43 / All) TORCHLIGHT2VSD3: LOL
(70:43 / All) VroomBuddy: Don't let the door hit you on the ass on the way out
(70:45 / All) VroomBuddy: bastard
(70:58 / All) Hoarder: Are yellow and green still here or AFK?
(71:11 / All) VroomBuddy: I think that they are away
(71:18 / All) TORCHLIGHT2VSD3: they never are
(73:46 / All) Hoarder: I see you getting hawks
(74:44 / All) TORCHLIGHT2VSD3: THEY CALL ME BIG AND BAD
(76:27 / All) VroomBuddy: alright they really are afk
(77:23 / All) TORCHLIGHT2VSD3: wow
(77:25 / All) TORCHLIGHT2VSD3: not afk
(77:35 / All) VroomBuddy: they didn't say or doing anything before that lawl
(79:52 / All) TORCHLIGHT2VSD3: jadizzle is not returning my calls
(80:06 / All) VroomBuddy: lol